Map: Dusk Towers

Players

llllllllllll

  • Race: Terran Terran
  • League: Master

Miszu - Winner!

  • Race: Terran Terran
  • League: Master

VOD

Have the link to the VOD?

Description

Time

  • Played on: March 22, 2016, 3:39 p.m.
  • Length: 21:55
Show
View Real Time Build Order
Export as new Build Order

llllllllllll Terran 

Build Orders: Reaper Expand, Bio Tank 

Get SALT Encoding   

  12  0:01  SCV  
  13  0:13  SCV  
  14  0:17  Supply Depot  
  14  0:25  SCV  
  15  0:39  SCV  
  15  0:40  Barracks  
  16  0:43  Refinery  
  16  0:51  SCV  
  17  1:03  SCV  
  18  1:15  SCV  
  19  1:28  Reaper, Orbital Command  
  20  1:44  Command Center  
  20  1:52  Supply Depot  
  20  1:56  SCV  
  20  2:00  Marine  
  22  2:09  Factory  
  22  2:15  SCV  
  23  2:20  Marine  
  24  2:27  SCV  
  24  2:39  Barracks Reactor  
  24  2:42  SCV  
  25  2:47  Command Center  
  25  2:50  Barracks Reactor  
  25  2:54  SCV  
  26  2:58  Orbital Command  
  26  3:07  Starport  
  26  3:09  SCV  
  27  3:13  Refinery  
  27  3:18  Factory Tech Lab  
  27  3:21  SCV  
  27  3:24  SCV  
  29  3:30  Marine x2  
  29  3:33  SCV  
  31  3:36  SCV  
  32  3:43  Viking  
  32  3:45  SCV  
  32  3:46  Refinery  
  35  3:49  Marine x2  
  35  3:53  SCV  
  38  3:58  Orbital Command  
  38  4:01  SCV  
  39  4:03  Siege Tank  
  39  4:07  SCV  
  39  4:09  Marine x2  
  45  4:13  SCV  
  45  4:15  Refinery  
  46  4:19  Viking  
  46  4:21  SCV  
  49  4:26  SCV  
  49  4:27  SCV  
  51  4:31  Marine x2  
  51  4:33  SCV  
  54  4:38  SCV  
  54  4:39  Siege Tank  
  54  4:40  SCV  
  56  4:52  SCV  
  57  5:03  SCV  
  55  5:11  SCV  
  55  5:14  SCV  
  57  5:15  SCV  
  58  5:22  Barracks Tech Lab  
  58  5:23  Supply Depot, SCV  
  58  5:25  Supply Depot  
  58  5:26  SCV  
  60  5:34  Barracks  
  60  5:35  Barracks, SCV  
  61  5:36  Medivac x2  
  61  5:40  SCV  
  61  5:41  Marine, Stimpack  
  67  5:44  Siege Tank  
  67  5:47  SCV  
  72  5:50  SCV  
  72  5:58  SCV  
  72  5:59  Marine, SCV  
  72  6:02  Engineering Bay  
  72  6:03  Engineering Bay  
  75  6:08  Viking  
  77  6:20  Marine  
  77  6:21  Siege Tank  
  77  6:23  SCV  
  77  6:25  Barracks Reactor x2  
  82  6:28  SCV x2  
  82  6:29  Terran Infantry Weapons Level 1  
  82  6:31  Terran Infantry Armor Level 1  
  84  6:35  SCV  
  84  6:38  Supply Depot  
  85  6:40  Supply Depot  
  85  6:43  Orbital Command  
  85  6:45  Medivac x2, SCV  
  90  6:47  SCV  
  90  6:48  Barracks  
  90  6:51  Marine  
  92  6:57  Barracks  
  90  7:03  SCV  
  90  7:06  Missile Turret  
  90  7:07  Armory  
  91  7:09  Marine  
  91  7:14  Marine x2  
  90  7:22  Marine x2  
  87  7:23  Siege Tank  
  87  7:25  SCV x2  
  87  7:27  Marine  
  87  7:28  SCV  
  94  7:31  Medivac x2  
  94  7:32  Marine x2  
  100  7:37  SCV  
  100  7:39  Marine  
  102  7:48  SCV x2  
  102  7:50  Barracks Reactor x2, Refinery x2  
  102  7:51  Marine x4, Combat Shields  
  104  7:52  SCV  
  104  7:54  Supply Depot  
  109  8:01  Supply Depot  
  109  8:06  Supply Depot  
  109  8:07  Marine  
  109  8:08  Siege Tank  
  109  8:09  Marine x3  
  116  8:14  Marine  
  116  8:16  Medivac x2, SCV x2  
  116  8:19  SCV  
  124  8:25  Marine  
  123  8:27  Terran Infantry Armor Level 2, Marine x3, Terran Infantry Weapons Level 2  
  123  8:28  Supply Depot  
  123  8:29  SCV  
  123  8:32  Marine  
  128  8:41  Marine x2  
  126  8:50  Marine x4  
  126  8:52  SCV x2  
  126  8:53  Medivac, Siege Tank  
  126  8:54  Medivac, Terran Vehicle Weapons Level 1  
  130  8:56  Supply Depot  
  130  8:58  Supply Depot, Marine x2  
  130  8:59  Marine  
  127  9:04  Factory  
  127  9:05  Supply Depot  
  127  9:10  Factory  
  127  9:15  SCV x2  
  130  9:17  Marine x5  
  130  9:18  Marine x3  
  138  9:24  Marine  
  138  9:25  Supply Depot  
  138  9:28  Supply Depot, Siege Tank  
  141  9:35  Marine x2  
  141  9:36  Marine  
  141  9:37  Marine x5  
  148  9:42  Marine  
  148  9:49  Factory Tech Lab  
  148  9:52  Marine  
  148  9:53  Marine, Factory Tech Lab  
  148  9:54  Marine x3  
  148  9:55  Marine x2  
  148  9:58  Marine  
  156  10:00  Marine, Siege Tank  
  160  10:09  Command Center  
  160  10:10  Marine x2  
  160  10:12  Marine x4  
  165  10:14  Siege Tank x2  
  170  10:33  Marine  
  170  10:34  Marine x6, Siege Tank  
  180  10:35  Medivac  
  180  10:36  Medivac  
  184  10:50  Siege Tank  
  184  10:51  Terran Infantry Weapons Level 3  
  184  10:55  Terran Infantry Armor Level 3  
  187  10:57  Siege Tank  
  187  11:03  Marine x7  
  197  11:11  Marine  
  197  11:20  Marine x2  
  197  11:25  Marine  
  200  11:43  Marine x2  
  200  11:44  Marine x3, Siege Tank  
  200  11:45  Siege Tank  
  198  11:57  Terran Vehicle Weapons Level 2  
  198  12:00  Medivac  
  200  12:02  Command Center  
  200  12:07  Missile Turret  
  198  12:32  Siege Tank  
  187  12:37  Marine x5  
  187  12:38  Marine  
  190  13:04  Marine x4  
  190  13:05  Siege Tank x3  
  166  13:08  Marine x3  
  150  13:13  Medivac x2  
  150  13:19  Marine x2  
  148  13:22  Marine x4  
  148  13:27  Marine x3  
  148  13:35  Planetary Fortress  
  148  13:37  Marine x2  
  148  13:38  Orbital Command  
  148  13:39  Siege Tank x3  
  148  13:40  Marine  
  160  13:43  Medivac x2  
  160  13:45  Marine  
  160  13:46  Marine x5  
  170  13:55  Marine x2  
  172  13:57  Marine  
  173  14:03  Marine x2  
  173  14:04  Marine x3  
  178  14:10  Marine  
  178  14:12  Marine, Siege Tank x2  
  178  14:13  Marine, Medivac  
  178  14:15  Marine  
  190  14:21  Marine x3  
  190  14:22  Siege Tank  
  190  14:24  Command Center  
  196  14:32  Barracks  
  167  14:48  Marine  
  167  14:49  Marine x6  
  167  14:50  Siege Tank x2  
  166  15:03  Viking x2, Siege Tank  
  156  15:09  Orbital Command  
  156  15:14  Marine x4  
  156  15:15  Marine x4  
  164  15:22  Siege Tank  
  167  15:32  Marine x3  
  167  15:33  Marine x4  
  167  15:34  Siege Tank  
  177  15:40  Orbital Command  
  177  15:48  Marine  
  177  15:49  Marine  
  179  16:01  Marine x5  
  184  16:12  Marine x4  
  155  16:19  Marine x5  
  160  16:29  Marine  
  160  16:30  Marine x3  
  150  16:37  Marine x5  
  155  16:47  Marine  
  155  16:48  Medivac x2  
  155  16:52  Marine x3, Sensor Tower  
  163  16:54  Marine  
  163  17:01  Marine x3  
  144  17:02  Marine  
  144  17:05  Marine  
  127  17:10  Marine x3  
  127  17:12  Marine  
  125  17:19  Marine x3, Orbital Command  
  125  17:20  Marine  
  129  17:23  Marine  
  129  17:27  Marine  
  129  17:28  Marine x2  
  133  17:30  Marine  
  134  17:39  Marine x4  
  134  17:41  Marine  
  137  17:45  Marine x2  
  139  18:00  Marine x2  
  139  18:02  Orbital Command  
  66  19:47  Orbital Command  
Show
View Real Time Build Order
Export as new Build Order

Miszu Terran - Winner!

Build Orders: Bio Tank 

Get SALT Encoding   

  12  0:00  SCV  
  13  0:12  SCV  
  14  0:17  Supply Depot  
  14  0:24  SCV  
  15  0:39  SCV  
  16  0:42  Barracks  
  16  0:45  Refinery  
  16  0:51  SCV  
  17  1:03  SCV  
  18  1:15  SCV  
  19  1:29  Orbital Command  
  19  1:31  Barracks Reactor  
  19  1:41  Command Center  
  19  1:51  Supply Depot  
  19  1:55  SCV  
  20  2:07  Marine x2, SCV  
  23  2:13  Factory  
  23  2:19  SCV  
  24  2:26  Marine x2  
  24  2:27  Refinery  
  26  2:33  SCV  
  27  2:44  Marine x2  
  27  2:45  SCV  
  30  2:56  Starport  
  30  2:57  Factory Tech Lab  
  30  2:58  SCV, Orbital Command  
  31  3:02  Marine x2  
  33  3:10  SCV  
  34  3:17  Widow Mine  
  36  3:20  Supply Depot  
  36  3:22  Marine x2, SCV  
  39  3:32  SCV  
  40  3:34  Medivac, SCV  
  43  3:44  Supply Depot  
  43  3:46  SCV  
  43  3:48  SCV  
  45  3:50  Siege Tank  
  48  3:58  SCV  
  48  4:00  SCV  
  50  4:07  Supply Depot  
  50  4:10  SCV  
  50  4:15  Command Center  
  50  4:16  SCV  
  52  4:19  Viking  
  54  4:30  Supply Depot  
  54  4:31  SCV x2  
  56  4:40  Barracks  
  56  4:42  Barracks  
  56  4:43  SCV  
  56  4:44  SCV  
  58  4:51  Marine  
  58  4:52  Marine  
  57  4:56  SCV x2  
  59  5:06  Starport Reactor, Siege Tank  
  57  5:08  SCV  
  57  5:09  Refinery x2, Marine  
  57  5:10  SCV  
  58  5:20  SCV  
  59  5:22  Engineering Bay, SCV  
  59  5:24  Engineering Bay  
  59  5:27  Barracks Tech Lab, Barracks  
  59  5:28  Barracks Tech Lab  
  60  5:29  Barracks  
  60  5:35  Orbital Command  
  60  5:37  SCV  
  60  5:38  SCV  
  62  5:47  Combat Shields  
  62  5:48  Stimpack  
  62  5:49  Medivac, SCV  
  66  5:50  SCV  
  66  5:57  Barracks  
  66  5:59  Barracks  
  66  6:00  Terran Infantry Weapons Level 1, Terran Infantry Armor Level 1  
  66  6:01  SCV, Orbital Command  
  66  6:02  SCV  
  68  6:04  Marine  
  68  6:05  Marine x2  
  68  6:06  Marine  
  72  6:11  Supply Depot  
  72  6:13  Supply Depot, SCV  
  72  6:14  SCV  
  74  6:22  Marine x2, Medivac x2  
  74  6:25  SCV  
  81  6:27  SCV x2  
  83  6:34  Armory  
  83  6:37  SCV  
  83  6:39  Siege Tank, SCV x2  
  88  6:49  SCV  
  88  6:50  Marine  
  88  6:51  SCV x2  
  88  6:52  Barracks Reactor x2  
  92  6:55  Refinery  
  92  6:56  Refinery  
  92  6:58  Supply Depot, Marine  
  92  7:00  Supply Depot  
  92  7:01  SCV  
  92  7:03  SCV x2  
  80  7:19  SCV x3  
  81  7:26  Marine x4  
  81  7:27  Medivac x2, Siege Tank  
  90  7:31  SCV x2  
  90  7:32  SCV  
  93  7:37  Marine  
  93  7:39  Marine x2  
  93  7:43  Marine  
  99  7:44  Marine x2  
  99  7:45  Factory  
  99  7:48  Supply Depot, Marine  
  99  7:50  Supply Depot  
  99  7:59  Siege Tank  
  99  8:01  Marine  
  99  8:03  Marine x6  
  109  8:06  Marine  
  109  8:08  Medivac x2  
  114  8:18  Terran Vehicle Weapons Level 1  
  114  8:19  Marine  
  115  8:21  Marine x6  
  115  8:22  Terran Infantry Weapons Level 2  
  115  8:26  Missile Turret  
  121  8:29  Terran Infantry Armor Level 2, Missile Turret  
  121  8:31  Factory Tech Lab  
  121  8:32  Missile Turret  
  121  8:37  SCV  
  111  8:48  SCV  
  111  8:53  Marine  
  111  8:54  Marine x6  
  101  8:56  SCV  
  101  9:02  Marine, SCV  
  102  9:06  Siege Tank  
  102  9:07  Medivac x2, Siege Tank  
  112  9:11  Marine  
  112  9:12  Marine x2  
  112  9:15  SCV  
  112  9:16  SCV  
  117  9:17  SCV  
  117  9:24  Marine  
  119  9:27  Marine, SCV  
  119  9:28  Marine x3, SCV  
  119  9:31  SCV  
  126  9:37  Medivac x2  
  130  9:39  Siege Tank, SCV  
  137  9:45  Siege Tank  
  137  9:49  Command Center  
  136  9:53  Missile Turret  
  136  9:55  Missile Turret  
  136  9:56  Missile Turret  
  136  9:57  Marine  
  137  10:00  Marine  
  137  10:01  Marine x2  
  137  10:02  Marine x2  
  141  10:07  Marine x2  
  141  10:08  Supply Depot  
  141  10:09  Supply Depot  
  141  10:10  Supply Depot x3  
  141  10:11  Supply Depot, Siege Tank  
  146  10:16  Medivac x2  
  146  10:17  Siege Tank  
  146  10:19  Marine  
  154  10:27  Sensor Tower  
  154  10:29  Marine  
  154  10:30  Sensor Tower  
  154  10:33  Marine  
  152  10:38  Terran Infantry Weapons Level 3  
  152  10:45  Terran Vehicle Weapons Level 2  
  152  10:53  Marine  
  152  10:54  Marine x7  
  160  11:11  Marine x5, Medivac, Siege Tank x2  
  165  11:12  Marine  
  165  11:16  Terran Infantry Armor Level 3  
  172  11:31  Marine x4  
  172  11:32  Medivac  
  178  11:34  Marine  
  178  11:35  Marine  
  180  11:43  Siege Tank  
  180  11:44  Marine  
  180  11:45  Marine  
  185  11:49  Marine x4  
  185  11:52  Marine x2  
  190  11:58  Refinery  
  190  11:59  Refinery  
  190  12:01  Sensor Tower  
  190  12:02  Marine  
  190  12:03  Marine  
  190  12:07  Reaper x2  
  192  12:26  Marine x6  
  198  12:38  Marine  
  198  12:39  Marine  
  198  12:44  Marine x2  
  192  12:47  Marine  
  192  12:48  Marine x3  
  192  12:49  Siege Tank x2  
  185  12:56  Marine  
  185  12:57  Marine  
  181  13:01  Marine  
  181  13:02  Marine  
  181  13:05  Marine  
  151  13:06  Marine x3  
  141  13:14  Marine  
  141  13:15  Marine  
  141  13:19  Marine  
  143  13:20  Marine, SCV  
  143  13:21  Siege Tank  
  142  13:33  Marine x4  
  142  13:34  Marine x2  
  139  13:36  Planetary Fortress  
  139  13:37  Marine x2  
  141  13:48  Orbital Command  
  141  13:51  Marine x6  
  141  13:52  Siege Tank  
  141  13:53  Siege Tank  
  141  13:55  Marine x2  
  155  14:09  Marine x6  
  161  14:10  Medivac  
  161  14:13  Marine x2  
  165  14:24  Siege Tank  
  165  14:26  Marine  
  165  14:27  Marine x5  
  165  14:30  Marine  
  165  14:31  Marine  
  175  14:35  Supply Depot  
  175  14:44  Marine  
  175  14:45  Marine x5  
  165  14:48  Marine  
  165  14:49  Marine  
  164  15:02  Marine x3  
  164  15:03  Marine x3  
  164  15:06  Marine  
  164  15:07  Marine, Siege Tank  
  175  15:20  Marine x6  
  181  15:24  Marine x2  
  183  15:31  Siege Tank  
  183  15:34  SCV  
  183  15:35  SCV  
  188  15:38  Marine  
  189  15:47  Supply Depot  
  189  15:48  Supply Depot  
  189  15:49  Supply Depot  
  189  15:56  Marine  
  189  15:58  Marine x7  
  174  16:14  Marine  
  174  16:16  Marine x7  
  158  16:31  Marine  
  153  16:33  Marine x3  
  153  16:34  Marine x3, Marauder  
  153  16:38  Medivac, Siege Tank  
  153  16:39  Siege Tank  
  169  16:49  Marine  
  169  16:51  Marine x4  
  169  16:52  Marine x2  
  176  17:00  SCV  
  176  17:01  Marine  
  168  17:07  Marine  
  138  17:09  Marine x4  
  138  17:10  Marine x2  
  138  17:15  Siege Tank  
  134  17:18  Siege Tank  
  134  17:19  Marine  
  138  17:25  Marine  
  139  17:46  Marine x3  
  139  17:47  Marine x4, Siege Tank  
  139  17:50  Marine, Siege Tank  
  153  18:05  Marine  
  153  18:10  Marine  
  155  18:17  Marine  
  155  18:18  Marine x5  
  161  18:23  Marine  
  165  18:28  Marine  
  128  18:35  Marine  
  128  18:36  Marine x2  
  128  18:37  Marine x2  
  128  18:39  Marine  
  128  18:50  Marine  
  128  18:53  Marine  
  120  19:05  Barracks  
  120  19:16  Barracks  
  117  19:18  Barracks  
Tags
 
Add a new tag
Caveats
  • Supply blocks, unpowered buildings, or Contaminate may cause inaccurate times.
  • Supply counts are checked every 10 seconds.